 Dungeon Crawl Stone Soup version 0.30-b1-2-g02819fbbbe (webtiles) character file.

Game seed: 380796973748445105

557 LLlMATKO the Chopper (level 7, -1/62 HPs)
             Began as a Minotaur Berserker on Aug 5, 2023.
             Was a Priest of Trog.
             Slain by a sleepcap (4 damage)
             ... on level 5 of the Dungeon.
             The game lasted 00:02:23 (2697 turns).

LLlMATKO the Chopper (Minotaur Berserker)           Turns: 2697, Time: 00:02:24

Health: -1/62      AC:  8    Str: 24    XL:     7   Next: 9%
Magic:  6/6        EV: 11    Int:  4    God:    Trog [***...]
Gold:   120        SH:  2    Dex:  9    Spells: 6/6 levels left

rFire   . . .        u - +0 war axe
rCold   . . .        t - +0 buckler
rNeg    . . .        e - +0 scale mail
rPois   .            (helmet restricted)
rElec   .            (no cloak)
rCorr   .            f - +0 pair of gloves
SInv    .            (no boots)
Will    .....        (no amulet) Stlth
                     (no ring)
HPRegen 0.30/turn    (no ring)
MPRegen 0.10/turn

%: no passive effects
@: marked, on berserk cooldown, slowed, very slow
A: horns 2, retaliatory headbutt
a: Renounce Religion, Berserk, Trog's Hand


You were on level 5 of the Dungeon.
You worshipped Trog.
Trog was most pleased with you.
You visited 1 branch of the dungeon, and saw 5 of its levels.

You collected 120 gold pieces.

Inventory:

Hand Weapons
 u - a +0 war axe (weapon)
Armour
 e - a +0 scale mail (worn)
 f - a +0 pair of gloves (worn)
 t - a +0 buckler (worn)
Jewellery
 l - a ring of flight
 s - a ring of see invisible
Scrolls
 b - 5 scrolls of identify {unknown}
 g - a scroll of magic mapping {unknown}
 i - 2 scrolls of amnesia {unknown}
 m - 2 scrolls of blinking {unknown}
 n - a scroll of torment {unknown}
 q - 2 scrolls of enchant weapon {unknown}
 r - a scroll of teleportation {unknown}
 v - a scroll of vulnerability {unknown}
Potions
 a - a potion of haste {unknown}
 c - 4 potions of attraction {unknown}
 d - 3 potions of heal wounds {unknown}
 h - 2 potions of berserk rage {unknown}
 j - a potion of degeneration {unknown}
 k - 3 potions of flight {unknown}
 o - a potion of mutation {unknown}
 p - a potion of cancellation {unknown}


   Skills:
 + Level 5.7 Fighting
 + Level 5.8 Axes
 + Level 5.0 Armour
 + Level 4.6 Dodging


You had 6 spell levels left.
You didn't know any spells.
Your spell library was empty.

Dungeon Overview and Level Annotations

Branches:
Dungeon (5/15)
 Temple: D:4-7

Altars:
Ashenzari
Okawaru
Vehumet

Shops:
D:2 ?   D:4 =


Innate Abilities, Weirdness & Mutations

You have a pair of horns on your head.
You reflexively headbutt those who attack you in melee.


Message History

Trog accepts your kill. The gnoll closely misses you.
Unknown command.
You slash the gnoll!
You kill the gnoll!
Trog accepts your kill.
You slash the gnoll bouda!
You kill the gnoll bouda!
Trog accepts your kill.
A black bear comes into view.
Your Armour skill increases to level 5!
You have reached level 7!
You feel a strong urge to attack something.
You feel your anger nearly subside.
You are no longer berserk.
You are exhausted.
You feel yourself slow down.
An adder comes into view.
Your attacks no longer feel as feeble.
A gnoll comes into view. It is wielding a +0 halberd.
You slash the adder!
You kill the adder!
Trog accepts your kill. The gnoll completely misses you.
The gnoll closely misses you.
You see here an adder corpse.
The sleepcap attacks as you move away! The sleepcap completely misses you.
An orc comes into view. It is wielding a +0 dagger.
A quokka comes into view.
The gnoll barely misses you.
You hit the gnoll.
The gnoll is heavily wounded.
You hit the sleepcap. The sleepcap barely misses you.
An orc priest comes into view. It is wielding a +0 club.
The gnoll hits you but does no damage. The sleepcap barely misses you.
The gnoll hits you but does no damage.
The orc priest moves out of view.
You completely miss the gnoll. Your headbutt misses the gnoll.
The gnoll is heavily wounded.
You hit the sleepcap. The sleepcap releases spores at you.
* * * LOW HITPOINT WARNING * * *
The gnoll barely misses you. The sleepcap releases spores at you.
You die...

......_.......#####
.....f))....#..#..#
.......##...##....##
.....#...##..#.....#
#...##...##......###
.#.# #.........###
#.# ##.......r#.##
h# ##......f#..##
##.....h@...##
##.....g....##
##...##o....#####
######...#..#..#
#.....#......#
##.#o.#..†..##
##)..#.†....#
##....†....#
#........<##


You could see a black bear, a sleepcap, an orc priest, a gnoll, an orc and a
quokka.

Vanquished Creatures
  A scorpion (D:5)
  6 hounds
  A gnoll bouda (D:5)
  An orc priest (D:3)
  An orc wizard (D:3)
  An iguana (D:4)
  7 gnolls
  4 adders
  2 worms
  3 dart slugs
  9 orcs
  7 ball pythons
  5 endoplasms
  3 giant cockroaches
  10 goblins
  8 hobgoblins
  5 jackals
  9 kobolds
  4 quokkas
  6 bats
  A frilled lizard (D:1)
  4 rats
98 creatures vanquished.

Vanquished Creatures (others)
  A plant (D:5)
1 creature vanquished.

Grand Total: 99 creatures vanquished

Notes
Turn   | Place    | Note
-------+----------+-------------------------------------------
     0 | D:1      | LLlMATKO the Minotaur Berserker began the quest for the
                  | Orb.
     0 | D:1      | Reached XP level 1. HP: 19/19 MP: 0/0
   137 | D:1      | Reached XP level 2. HP: 22/27 MP: 1/1
   283 | D:1      | Found a faded altar of an unknown god.
   491 | D:1      | Reached XP level 3. HP: 18/33 MP: 2/2
   815 | D:2      | Found Ysmoef's Magic Scroll Shop.
   946 | D:2      | Reached ** piety under Trog
  1352 | D:3      | Reached XP level 4. HP: 41/41 MP: 3/3
  1729 | D:3      | Reached XP level 5. HP: 47/47 MP: 4/4
  2134 | D:4      | Reached *** piety under Trog
  2177 | D:4      | Found a broken altar of Ashenzari.
  2215 | D:4      | Reached skill level 5 in Fighting
  2215 | D:4      | Reached skill level 5 in Axes
  2303 | D:4      | Reached XP level 6. HP: 55/56 MP: 5/5
  2382 | D:4      | Found Qeyfuat's Jewellery Shop.
  2613 | D:5      | Entered Level 5 of the Dungeon
  2671 | D:5      | Found an iron altar of Okawaru.
  2676 | D:5      | Found a radiant altar of Vehumet.
  2683 | D:5      | HP: 2/85 [gnoll bouda/+0 club (6)]
  2686 | D:5      | Reached skill level 5 in Armour
  2686 | D:5      | Reached XP level 7. HP: 3/62 MP: 6/6
  2697 | D:5      | HP: 3/62 [sleepcap (3)]
  2697 | D:5      | Slain by a sleepcap

Illustrated notes

Levels and vault maps discovered:
D:1:      eino_arrival_water_cross, layout_rooms,
          shapermc_ecumenical_altar_ellora
D:2:      minmay_diamond_boxcup, layout_basic, serial_shops, shop,
          minmay_strange_pillars, grunt_decor_arrowhead
D:3:      layout_loops_ring
D:4:      layout_basic, nicolae_ashenzari_skybound, serial_shops,
          nicolae_shop_just_a_little_nook
D:5:      minmay_inner_zag, layout_cave_pools, nicolae_elyvilon_temple_path,
          grunt_temple_overflow_open, st_stairs_13,
          chequers_serial_rivers_small_3

Skill      XL: |  1  2  3  4  5  6 |
---------------+-------------------+-----
Fighting       | 4 5 |  5.7
Axes           | 4 5 |  5.8
Armour         | 3 4 5 |  5.0
Dodging        | 3 4 |  4.6

Action                     |  1- 3 |  4- 6 |  7- 9 || total
---------------------------+-------+-------+-------++-------
  Melee: Hand axe          |    87 |    54 |       ||   141
         Headbutt          |    13 |    13 |       ||    26
         War axe           |       |    46 |     3 ||    49
 Invoke: Berserk           |     2 |     2 |       ||     4
 Armour: Scale mail        |    29 |    38 |     2 ||    69
         Animal skin       |     2 |       |       ||     2
  Dodge: Dodged            |    48 |    65 |     7 ||   120
  Block: Buckler           |       |     4 |       ||     4
